 Dungeon Crawl Stone Soup version 0.26-a0-50-gc4d14cd (webtiles) character file.

Game seed: 5747486714383205517

28288 thirtiethelement the Fighter (level 13, -1/104 HPs)
             Began as a Gnoll Abyssal Knight on June 5, 2020.
             Was the Champion of Lugonu.
             Slain by a death scarab (15 damage)
             ... in a Gauntlet.
             The game lasted 00:35:06 (14835 turns).

thirtiethelement the Fighter (GnAK)                Turns: 14835, Time: 00:35:07

Health: -1/104     AC: 21    Str: 22    XL:     13   Next: 37%
Magic:  25/25      EV: 16    Int: 22    God:    Lugonu [******]
Gold:   518        SH: 10    Dex: 20    Spells: 23/28 levels left

rFire    . . .     SeeInvis +   J - +3 war axe (freeze)
rCold    + . .     Gourm    .   Q - +3 buckler of Minor Irritation {rC+ Str+4}
rNeg     . . .     Faith    .   j - +4 scale mail
rPois    .         Spirit   .   K - +1 helmet
rElec    .         Reflect  .   l - +2 cloak
rCorr    .         Harm     .   f - +2 pair of gloves
MR       .....     NoTele   +   (no boots)
Stlth    +++.......             L - amulet of regeneration
HPRegen  0.67/turn              O - ring of Vesi {Int+5 SInv}
MPRegen  0.19/turn              w - +6 ring of dexterity

@: slowed, lightly drained, very slow
A: distributed training, fangs 1, strong nose
a: Depart the Abyss, Bend Space, Banish, Corrupt, Enter the Abyss, Brand Weapon
With Distortion, Renounce Religion


You were in a Gauntlet.
You worshipped Lugonu.
Lugonu was exalted by your worship.
You were not hungry.

You visited 3 branches of the dungeon, and saw 17 of its levels.
You visited the Abyss 1 time.
You also visited: Gauntlet.

You collected 973 gold pieces.
You spent 455 gold pieces at shops.

Inventory:

Hand Weapons
 g - a +3 spear of venom
 H - a +0 broad axe
 J - a +3 war axe of freezing (weapon)
 M - the +1 hunting sling of Deformation {freeze, +Inv rElec rF- Int-2, unknown}
   (You found it on level 11 of the Dungeon)

   It causes projectiles fired from it to freeze those they strike, causing
   extra injury to most foes and up to half again as much damage against
   particularly susceptible opponents.
   They can also slow down cold-blooded creatures.
   It affects your intelligence (-2).
   It makes you vulnerable to fire.
   It insulates you from electricity.
   It lets you turn invisible.
Armour
 f - a +2 pair of gloves (worn)
 j - a +4 scale mail (worn)
 l - a +2 cloak (worn)
 K - a +1 helmet (worn)
 Q - the +3 buckler of Minor Irritation (worn) {rC+ Str+4}
   (You found it on level 12 of the Dungeon)

   It affects your strength (+4).
   It protects you from cold.
Jewellery
 n - an uncursed amulet of guardian spirit
 t - an uncursed ring of flight
 w - a +6 ring of dexterity (right hand)
 y - a +6 ring of dexterity
 F - an uncursed ring of fire
 L - an amulet of regeneration (around neck)
 O - the ring of Vesi (left hand) {Int+5 SInv}
   (You bought it in a shop on level 11 of the Dungeon)

   [ring of see invisible]

   It affects your intelligence (+5).
   It lets you see invisible.
Wands
 x - a wand of iceblast (12)
 E - a wand of acid (1)
 G - a wand of random effects (39)
 I - a wand of clouds (9)
 R - a wand of polymorph (6)
 S - a wand of paralysis (8)
Scrolls
 b - 2 scrolls of enchant weapon
 d - 3 scrolls of blinking
 k - 4 scrolls of remove curse
 s - 6 scrolls of immolation
 v - 9 scrolls of teleportation
 C - 3 scrolls of fear
 P - 4 scrolls of identify
 T - a scroll of amnesia {unknown}
 U - 2 scrolls of enchant armour
Potions
 a - 3 potions of invisibility
 e - 4 potions of haste
 h - 2 potions of stabbing
 i - 5 potions of curing
 m - 3 potions of might {unknown}
 o - a potion of resistance
 p - a potion of ambrosia {unknown}
 q - 3 potions of flight
 r - a potion of cancellation
 u - a potion of berserk rage
 z - 3 potions of brilliance {unknown}
 B - a potion of lignification {unknown}
 D - a potion of mutation {unknown}
Comestibles
 c - 21 rations


   Skills:
 + Level 10.4(9.8) Fighting
 + Level 8.1(7.6) Short Blades
 + Level 8.1(7.6) Long Blades
 + Level 9.3(8.8) Axes
 + Level 8.1(7.6) Maces & Flails
 + Level 8.1(7.6) Polearms
 + Level 8.1(7.6) Staves
 + Level 8.1(7.6) Slings
 + Level 8.1(7.6) Bows
 + Level 8.1(7.6) Crossbows
 + Level 8.1(7.6) Throwing
 + Level 9.3(8.8) Armour
 + Level 8.5(8.0) Dodging
 + Level 8.1(7.6) Stealth
 + Level 8.1(7.6) Shields
 + Level 8.1(7.6) Unarmed Combat
 + Level 8.1(7.6) Spellcasting
 + Level 6.7(6.2) Conjurations
 + Level 6.7(6.2) Hexes
 + Level 6.7(6.2) Charms
 + Level 6.7(6.2) Summonings
 + Level 6.7(6.2) Necromancy
 + Level 6.7(6.2) Translocations
 + Level 6.7(6.2) Transmutations
 + Level 6.7(6.2) Fire Magic
 + Level 6.7(6.2) Ice Magic
 + Level 6.7(6.2) Air Magic
 + Level 6.7(6.2) Earth Magic
 + Level 6.7(6.2) Poison Magic
 + Level 10.0(9.5) Invocations
 + Level 8.1(7.6) Evocations


You had 23 spell levels left.
You knew the following spells:

 Your Spells              Type           Power        Failure   Level  Hunger
a - Frozen Ramparts       Ice            #####.       4%          3    None
b - Searing Ray           Conj           #####.       1%          2    None

Your spell library contained the following spells:

 Spells                   Type           Power        Failure   Level  Hunger
 Freeze                   Ice            ####         1%          1    None
 Magic Dart               Conj           ####         1%          1    None
 Summon Small Mammal      Summ           ####         1%          1    None
 Call Imp                 Summ           #####...     1%          2    None
 Call Canine Familiar     Summ           #####...     4%          3    None
 Dazzling Flash           Conj/Hex       #####.       4%          3    None
 Ozocubu's Armour         Chrm/Ice       #####...     4%          3    None
 Summon Guardian Golem    Hex/Summ       #####...     4%          3    None
 Fulminant Prism          Conj/Hex       #####.....   13%         4    ###....
 Hailstorm                Conj/Ice       #####...     13%         4    ###....
 Iskenderun's Mystic Bla  Conj/Tloc      #####...     13%         4    ###....
 Summon Ice Beast         Ice/Summ       #####...     13%         4    ###....
 Summon Lightning Spire   Summ/Air       #####...     13%         4    ###....


Dungeon Overview and Level Annotations

Branches:
Dungeon (13/15)            Temple (1/1) D:7            Lair (3/6) D:11
  Swamp (0/4) Lair:2          Orc (0/2) D:9         Gauntlet (1/1)
  Snake: Lair:2-4    Spider: Lair:2-4    Vaults: D:13-14

Altars:
Ashenzari
Cheibriados
Dithmenos
Elyvilon
Fedhas
Gozag
Hepliaklqana
Kikubaaqudgha
Makhleb
Nemelex Xobeh
Okawaru
Qazlal
Ru
Sif Muna
Trog
Uskayaw
Vehumet
Wu Jian
Xom
Yredelemnul
Zin
The Shining One

Shops:
D:10 =   D:11 =

Annotations:
D:7 3 runed translucent doors, Zeldest's ghost, novice TrNe Gauntlet 11 transporters, 21 runed translucent doors


Innate Abilities, Weirdness & Mutations

Your experience applies equally to all skills.
You have very sharp teeth.
Your uncanny sense of smell can sniff out nearby items.


Message History

The death scarab bites you!!
* * * LOW HITPOINT WARNING * * *
The death scarab draws strength from your injuries!
The death scarab bites you but does no damage.
Quiver which item? (- for none, * to show all) (? for menu, Esc to quit)
Okay, then.
You feel much better. You block the death scarab's attack.
The death scarab bites you.
* * * LOW HITPOINT WARNING * * *
The death scarab drains your vigour!
You feel as though you will be slow longer.
The death scarab draws strength from your injuries!
You hit the death scarab but do no damage.
Your bite misses the death scarab.
The death scarab is lightly damaged.
The death scarab bites you!!
* * * LOW HITPOINT WARNING * * *
The death scarab draws strength from your injuries!
You feel better. The death scarab bites you!
You die...

### ### ### ### ### ### #8#
#8# #8# #8# #8# #8#
#########################
.......................≈#
........................###
########...###########..#8#
......J#.8.#.........#..###
^...^#.#...#..##.##..#..#
##.##..#####[##.@.##.#..###
##.##..#...#.#.s...#.#..#8#
#.©.#..#©.©#©...©....#©.###
##.##..#...#.#.....#.#..#
##.##..#####:##...##.#..###
^....#.#...#..##.##..#..#8#
......J#...#.........#..###
########...###########..#
.........≈.............≈###


You could see a death scarab.

Vanquished Creatures
  Gastronok (Lair:1)
  2 hydras
  3 two-headed ogres
  A centaur warrior (D:13)
  A tengu warrior (D:13)
  A spectral death yak (Gauntlet)
  A skeletal warrior (D:13)
  An unseen horror (shapeshifter) (D:12)
  4 unseen horrors
  A deep elf mage (D:12)
  3 ugly things
  2 cyclopes (D:13)
  A manticore (D:13)
  2 spiny frogs
  A merfolk (D:13)
  5 trolls
  2 bog bodies (Lair:2)
  3 hippogriffs
  A vampire (D:13)
  2 wyverns
  20 yaks
  A hungry ghost (D:9)
  16 vampire mosquitoes
  A soldier ant (D:13)
  2 swamp worms (Lair:2)
  3 water moccasins (Lair:1)
  3 orc warriors
  3 sky beasts
  An eye of draining (D:13)
  A black bear (D:9)
  3 necrophages
  An ogre (D:6)
  4 ice beasts
  7 centaurs
  2 phantoms (D:9)
  4 wolves (D:11)
  A crocodile (Lair:1)
  A big kobold (D:13)
  9 bullfrogs
  A wyvern zombie (D:12)
  The ghost of mordus the Caller, an amateur FeSu (D:4)
  A wyvern skeleton (D:13)
  2 scorpions (D:10)
  2 troll zombies (D:9)
  4 killer bees
  4 wights (D:8)
  10 howler monkeys
  3 crimson imps
  5 electric eels
  2 centaur zombies
  6 hounds
  3 jellies
  3 quasits
  A bullfrog zombie (D:13)
  4 orc priests
  A bullfrog skeleton (D:11)
  6 orc wizards
  5 centaur skeletons
  Ijyb (D:5)
  2 iguanas
  3 worker ants
  Terence (D:3)
  6 ogre zombies (D:9)
  A hound zombie (D:6)
  A howler monkey zombie (D:7)
  A howler monkey skeleton (D:6)
  6 gnolls
  10 adders
  A shadow imp (D:8)
  2 oozes (D:6)
  An adder zombie (D:5)
  3 adder skeletons
  2 worms
  2 dart slugs
  4 leopard geckos
  33 orcs
  5 bats
  5 giant cockroaches
  6 hobgoblins
  10 jackals
  15 kobolds
  2 quokkas
  3 frilled lizards
  6 goblins
  A goblin skeleton (D:9)
  3 goblin zombies (D:9)
  A hobgoblin zombie (D:9)
  A jackal zombie (D:5)
  A leopard gecko zombie (D:7)
  2 orc skeletons (D:9)
  18 orc zombies (D:9)
  A quokka zombie (D:6)
  6 rats
351 creatures vanquished.

Vanquished Creatures (others)
  An orc wizard (D:13)
  6 fungi
  3 plants (Gauntlet)
10 creatures vanquished.

Grand Total: 361 creatures vanquished

Notes
Turn   | Place    | Note
-------+----------+-------------------------------------------
     0 | Abyss:1  | thirtiethelement the Gnoll Abyssal Knight began the quest
                  | for the Orb.
     0 | Abyss:1  | Reached XP level 1. HP: 23/23 MP: 3/3
    66 | Abyss:2  | Found a corrupted altar of Lugonu.
   106 | Abyss:2  | Noticed a large abomination
   117 | Abyss:2  | Noticed a small abomination
   123 | Abyss:2  | Noticed a large abomination
   145 | Abyss:2  | Noticed a small abomination
   148 | Abyss:2  | Noticed a large abomination
   155 | D:1      | Escaped the Abyss
   635 | D:1      | Reached XP level 2. HP: 29/29 MP: 5/5
  1197 | D:2      | Reached * piety under Lugonu
  1208 | D:2      | Reached XP level 3. HP: 34/35 MP: 6/6
  1399 | D:2      | Found a shattered altar of Ashenzari.
  1779 | D:3      | Noticed Terence
  1784 | D:3      | Killed Terence
  1784 | D:3      | Reached skill level 1 in Short Blades
  1784 | D:3      | Reached skill level 1 in Long Blades
  1784 | D:3      | Reached skill level 1 in Maces & Flails
  1784 | D:3      | Reached skill level 1 in Polearms
  1784 | D:3      | Reached skill level 1 in Staves
  1784 | D:3      | Reached skill level 1 in Slings
  1784 | D:3      | Reached skill level 1 in Bows
  1784 | D:3      | Reached skill level 1 in Crossbows
  1784 | D:3      | Reached skill level 1 in Throwing
  1784 | D:3      | Reached skill level 1 in Stealth
  1784 | D:3      | Reached skill level 1 in Shields
  1784 | D:3      | Reached skill level 1 in Unarmed Combat
  1784 | D:3      | Reached skill level 1 in Spellcasting
  1784 | D:3      | Reached skill level 1 in Evocations
  1784 | D:3      | Reached XP level 4. HP: 41/41 MP: 7/7
  1890 | D:3      | Reached skill level 1 in Conjurations
  1890 | D:3      | Reached skill level 1 in Hexes
  1890 | D:3      | Reached skill level 1 in Charms
  1890 | D:3      | Reached skill level 1 in Summonings
  1890 | D:3      | Reached skill level 1 in Necromancy
  1890 | D:3      | Reached skill level 1 in Translocations
  1890 | D:3      | Reached skill level 1 in Transmutations
  1890 | D:3      | Reached skill level 1 in Fire Magic
  1890 | D:3      | Reached skill level 1 in Ice Magic
  1890 | D:3      | Reached skill level 1 in Air Magic
  1890 | D:3      | Reached skill level 1 in Earth Magic
  1890 | D:3      | Reached skill level 1 in Poison Magic
  1894 | D:3      | Reached XP level 5. HP: 47/47 MP: 8/8
  1938 | D:3      | Found a faded altar of an unknown god.
  1975 | D:3      | Reached ** piety under Lugonu
  2701 | D:4      | Reached skill level 5 in Invocations
  2701 | D:4      | Reached XP level 6. HP: 32/53 MP: 4/9
  2941 | D:4      | Found a transporter.
  2956 | D:4      | Found a transporter.
  2960 | D:4      | Noticed mordus's ghost (amateur FeSu)
  3046 | D:4      | Killed mordus's ghost
  3046 | D:4      | Reached skill level 5 in Axes
  3046 | D:4      | Reached skill level 5 in Armour
  3163 | D:4      | Noticed a sky beast
  3189 | D:4      | Killed a sky beast
  3189 | D:4      | Reached XP level 7. HP: 55/59 MP: 7/10
  3602 | D:5      | Entered Level 5 of the Dungeon
  3993 | D:5      | Noticed Ijyb
  4021 | D:5      | Killed Ijyb
  4021 | D:5      | Reached *** piety under Lugonu
  4574 | D:6      | Reached XP level 8. HP: 23/67 MP: 5/12
  5617 | D:7      | Found a runed translucent gate.
  5617 | D:7      | Found a runed translucent gate.
  5617 | D:7      | Found a runed translucent gate.
  5617 | D:7      | Noticed Zeldest's ghost (novice TrNe)
  5647 | D:7      | Noticed a hippogriff
  5663 | D:7      | Killed a hippogriff
  5663 | D:7      | Reached XP level 9. HP: 38/72 MP: 9/14
  6145 | D:7      | Found a staircase to the Ecumenical Temple.
  6183 | Temple   | Entered the Ecumenical Temple
  6692 | D:8      | Reached **** piety under Lugonu
  7050 | D:8      | Reached skill level 5 in Dodging
  7289 | D:8      | You fall into a shaft and drop 2 floors!
  7289 | D:10     | Entered Level 10 of the Dungeon
  7329 | D:10     | Learned a level 3 spell: Frozen Ramparts
  7332 | D:10     | Learned a level 2 spell: Searing Ray
  7485 | D:10     | Found Pemiekko's Jewellery Boutique.
  7583 | D:9      | Found a staircase to the Orcish Mines.
  7584 | D:9      | Noticed a troll
  7615 | D:9      | Killed a troll
  7635 | D:9      | Reached XP level 10. HP: 50/80 MP: 11/17
  7753 | D:9      | Reached ***** piety under Lugonu
  7799 | D:9      | Reached skill level 5 in Short Blades
  7799 | D:9      | Reached skill level 5 in Long Blades
  7799 | D:9      | Reached skill level 5 in Maces & Flails
  7799 | D:9      | Reached skill level 5 in Polearms
  7799 | D:9      | Reached skill level 5 in Staves
  7799 | D:9      | Reached skill level 5 in Slings
  7799 | D:9      | Reached skill level 5 in Bows
  7799 | D:9      | Reached skill level 5 in Crossbows
  7799 | D:9      | Reached skill level 5 in Throwing
  7799 | D:9      | Reached skill level 5 in Stealth
  7799 | D:9      | Reached skill level 5 in Shields
  7799 | D:9      | Reached skill level 5 in Unarmed Combat
  7799 | D:9      | Reached skill level 5 in Spellcasting
  7799 | D:9      | Reached skill level 5 in Evocations
  8259 | D:8      | Found a snail-covered altar of Cheibriados.
  9769 | D:11     | Found a staircase to the Lair.
  9809 | D:11     | Killed an unseen horror
  9809 | D:11     | Reached XP level 11. HP: 23/87 MP: 16/19
  9817 | D:11     | Noticed a red ugly thing
  9831 | D:11     | Killed a red ugly thing
 10239 | D:11     | Reached skill level 5 in Conjurations
 10239 | D:11     | Reached skill level 5 in Hexes
 10239 | D:11     | Reached skill level 5 in Charms
 10239 | D:11     | Reached skill level 5 in Summonings
 10239 | D:11     | Reached skill level 5 in Necromancy
 10239 | D:11     | Reached skill level 5 in Translocations
 10239 | D:11     | Reached skill level 5 in Transmutations
 10239 | D:11     | Reached skill level 5 in Fire Magic
 10239 | D:11     | Reached skill level 5 in Ice Magic
 10239 | D:11     | Reached skill level 5 in Air Magic
 10239 | D:11     | Reached skill level 5 in Earth Magic
 10239 | D:11     | Reached skill level 5 in Poison Magic
 10524 | D:11     | Got an iridescent hunting sling
 10560 | D:11     | Found Uhekh's Jewellery Shop.
 10568 | D:11     | Bought the ring of Vesi {Int+5 SInv} for 455 gold pieces
 10657 | D:12     | Noticed a two-headed ogre
 10657 | D:12     | Noticed an unseen horror
 10669 | D:12     | Killed an unseen horror
 10671 | D:12     | Killed a two-headed ogre
 10706 | D:12     | Noticed a two-headed ogre
 10725 | D:12     | Killed a two-headed ogre
 10815 | D:12     | Noticed an unseen horror
 10821 | D:12     | Killed an unseen horror
 11057 | D:12     | Got a dazzling buckler
 11068 | D:12     | Identified the +3 buckler of Minor Irritation {rC+ Str+4}
                  | (You found it on level 12 of the Dungeon)
 11082 | D:12     | Noticed a seven-headed hydra
 11091 | D:12     | Killed a ten-headed hydra
 11105 | D:12     | Found a shattered altar of Ashenzari.
 11126 | D:12     | Noticed an unseen horror
 11132 | D:12     | Killed an unseen horror
 11132 | D:12     | Reached XP level 12. HP: 91/96 MP: 18/22
 11763 | D:13     | Noticed a centaur warrior
 11776 | D:13     | Killed a centaur warrior
 11872 | D:13     | Noticed a tengu warrior
 11893 | D:13     | Killed a tengu warrior
 12140 | D:13     | Noticed a two-headed ogre
 12151 | D:13     | Killed a two-headed ogre
 12151 | D:13     | Reached skill level 10 in Fighting
 12217 | D:13     | Reached ****** piety under Lugonu
 12495 | D:13     | Reached XP level 13. HP: 98/103 MP: 24/24
 12879 | Lair:1   | Entered Level 1 of the Lair of Beasts
 12962 | Lair:1   | Noticed Gastronok
 12982 | Lair:1   | Killed Gastronok
 14340 | Lair:2   | Found a staircase to the Swamp.
 14535 | Lair:3   | Reached skill level 10 in Invocations
 14577 | Lair:3   | Found a gate leading to a gauntlet.
 14586 | Gauntlet | Entered a Gauntlet
 14586 | Gauntlet | Found a transporter.
 14586 | Gauntlet | Found a transporter.
 14586 | Gauntlet | Found a transporter.
 14590 | Gauntlet | Found a transporter.
 14603 | Gauntlet | Found a transporter.
 14607 | Gauntlet | Found a transporter.
 14609 | Gauntlet | Found a large runed translucent door.
 14610 | Gauntlet | Found a large runed translucent door.
 14611 | Gauntlet | Found a large runed translucent door.
 14611 | Gauntlet | Found a large runed translucent door.
 14611 | Gauntlet | Found a runed translucent door.
 14612 | Gauntlet | Found a large runed translucent door.
 14615 | Gauntlet | Found a large runed translucent door.
 14616 | Gauntlet | Found a large runed translucent door.
 14617 | Gauntlet | Found a large runed translucent door.
 14618 | Gauntlet | Found a runed translucent gate.
 14620 | Gauntlet | Found a transporter.
 14620 | Gauntlet | Found a runed translucent gate.
 14620 | Gauntlet | Found a transporter.
 14620 | Gauntlet | Found a transporter.
 14620 | Gauntlet | Noticed a green death
 14621 | Gauntlet | Found a runed translucent door.
 14621 | Gauntlet | Found a runed translucent gate.
 14629 | Gauntlet | Found a large runed translucent door.
 14629 | Gauntlet | Found a large runed translucent door.
 14630 | Gauntlet | Found a large runed translucent door.
 14631 | Gauntlet | Found a large runed translucent door.
 14640 | Gauntlet | Found a large runed translucent door.
 14640 | Gauntlet | Found a large runed translucent door.
 14641 | Gauntlet | Found a large runed translucent door.
 14642 | Gauntlet | Found a large runed translucent door.
 14649 | Gauntlet | Noticed a death ooze
 14658 | Gauntlet | Found a transporter.
 14662 | Gauntlet | Found a transporter.
 14741 | Gauntlet | Found a transporter.
 14743 | Gauntlet | Noticed a quicksilver dragon
 14744 | Gauntlet | Noticed a frost giant
 14744 | Gauntlet | a quicksilver dragon changed into a frost giant
 14745 | Gauntlet | a frost giant changed into an alligator snapping turtle
 14746 | Gauntlet | Noticed a fire giant
 14746 | Gauntlet | an alligator snapping turtle changed into a fire giant
 14747 | Gauntlet | a fire giant changed into an alligator snapping turtle
 14749 | Gauntlet | Noticed a fire giant
 14749 | Gauntlet | an alligator snapping turtle changed into a fire giant
 14750 | Gauntlet | a fire giant changed into an alligator snapping turtle
 14762 | Gauntlet | Noticed a shadow dragon
 14762 | Gauntlet | an alligator snapping turtle changed into a shadow dragon
 14764 | Gauntlet | Noticed a stone giant
 14764 | Gauntlet | a shadow dragon changed into a stone giant
 14766 | Gauntlet | Noticed an azure jelly
 14766 | Gauntlet | a stone giant changed into an azure jelly
 14771 | Gauntlet | an azure jelly changed into a death yak
 14835 | Gauntlet | Slain by a death scarab

Illustrated notes

Levels and vault maps discovered:
D:1:      nicolae_arrival_memento_mori, layout_basic, serial_park_tiny_2
D:2:      layout_basic, nicolae_ashenzari_panopticon
D:3:      layout_rooms, chequers_ecumenical_altar_twisty, supply_closet_lemuel,
          uniq_terence
D:4:      layout_basic, gammafunk_ghost_stat_death, first_ration
D:5:      layout_basic, uniq_ijyb
D:6:      nicolae_whirlpool, layout_basic
D:7:      kennysheep_spiral_hall, layout_basic,
          minmay_temple_entry_glassed_door, ebering_ghost_rock_garden
D:8:      layout_loops_ring, basic_altar
D:9:      layout_roguey, zombieorc2_lemuel
D:10:     layout_loops_ring, serial_shops, shop
D:11:     minmay_general_purpose_star, layout_cross, erik_lair_island,
          serial_shops, nicolae_shop_crystal
D:12:     layout_loops_corners, basic_altar
D:13:     minmay_opposing_rooms, layout_basic, hangedman_fish_farm,
          hangedman_decor_peaks_small
Temple:   kilobyte_greek_temple
Lair:1:   layout_hall_layers, st_stairs_7, infiniplex_staircase_pool,
          uniq_gastronok
Lair:2:   layout_cave_pods, nicolae_swamp_entry_splash_gauntlet
Lair:3:   layout_regular_city, gauntlet_entry_generic
Gauntlet: gammafunk_gauntlet_hard_choice [gammafunk_gauntlet_arena_open,
          gammafunk_gauntlet_arena_split_diamond,
          gammafunk_gauntlet_arena_hedges, nicolae_gauntlet_arena_blocks,
          gammafunk_gauntlet_arena_chambers,
          minmay_gauntlet_arena_make_your_own_arena, gauntlet_exit_green]

Skill      XL: |  1  2  3  4  5  6  7  8  9 10 11 12 13 |
---------------+----------------------------------------+-----
Short Blades   | 1 2 3 4 5 6 7 8 |  8.1
Long Blades    | 1 2 3 4 5 6 7 8 |  8.1
Maces & Flails | 1 2 3 4 5 6 7 8 |  8.1
Polearms       | 1 2 3 4 5 6 7 8 |  8.1
Staves         | 1 2 3 4 5 6 7 8 |  8.1
Slings         | 1 2 3 4 5 6 7 8 |  8.1
Bows           | 1 2 3 4 5 6 7 8 |  8.1
Crossbows      | 1 2 3 4 5 6 7 8 |  8.1
Throwing       | 1 2 3 4 5 6 7 8 |  8.1
Stealth        | 1 2 3 4 5 6 7 8 |  8.1
Shields        | 1 2 3 4 5 6 7 8 |  8.1
Unarmed Combat | 1 2 3 4 5 6 7 8 |  8.1
Spellcasting   | 1 2 3 4 5 6 7 8 |  8.1
Evocations     | 1 2 3 4 5 6 7 8 |  8.1
Conjurations   | 1 2 3 4 5 6 |  6.7
Hexes          | 1 2 3 4 5 6 |  6.7
Charms         | 1 2 3 4 5 6 |  6.7
Summonings     | 1 2 3 4 5 6 |  6.7
Necromancy     | 1 2 3 4 5 6 |  6.7
Translocations | 1 2 3 4 5 6 |  6.7
Transmutations | 1 2 3 4 5 6 |  6.7
Fire Magic     | 1 2 3 4 5 6 |  6.7
Ice Magic      | 1 2 3 4 5 6 |  6.7
Air Magic      | 1 2 3 4 5 6 |  6.7
Earth Magic    | 1 2 3 4 5 6 |  6.7
Poison Magic   | 1 2 3 4 5 6 |  6.7
Dodging        | 3 4 5 6 7 8 |  8.5
Invocations    | 5 6 7 8 9 10 | 10.0
Axes           | 5 6 7 8 9 |  9.3
Armour         | 5 6 7 8 9 |  9.3
Fighting       | 7 8 9 10 | 10.4

Action                   |  1- 3 |  4- 6 |  7- 9 | 10-12 | 13-15 || total
-------------------------+-------+-------+-------+-------+-------++-------
Melee: Spear             |    76 |   124 |   311 |       |       ||   511
       Bite              |     5 |     8 |    69 |    98 |    28 ||   208
       Punch             |       |     2 |     3 |       |       ||     5
       War axe           |       |       |    76 |   560 |   129 ||   765
 Cast: Frozen Ramparts   |       |       |       |     5 |     1 ||     6
       Searing Ray       |       |       |       |     1 |     2 ||     3
Invok: Depart the Abyss  |     1 |       |       |       |       ||     1
Evoke: Wand              |       |     6 |     4 |    17 |     2 ||    29
  Use: Scroll            |     5 |     4 |     6 |     8 |     2 ||    25
       Potion            |       |     4 |       |     3 |     4 ||    11
 Stab: Sleeping          |       |       |     2 |     7 |     1 ||    10
       Distracted        |       |       |     1 |     1 |       ||     2
  Eat: Chunk             |     2 |     5 |     3 |    16 |     2 ||    28
       Ration            |       |       |     4 |     1 |     2 ||     7
Armor: Scale mail        |    34 |    89 |   159 |   285 |    63 ||   630
Dodge: Dodged            |    27 |    99 |   168 |   358 |    99 ||   751
Block: Buckler           |       |       |    67 |   231 |    72 ||   370

Table legend:
 A = Non-vault XP
 B = Vault XP
 C = Vault XP percentage of total XP
 D = Non-vault monster count
 E = Vault monster count
 F = Vault count percentage of total count
                 A         B        C        D         E       F
            +---------+---------+-------+---------+---------+-------
      Total |   31347 |    9065 |  22.4 |     278 |      74 |  21.0
            +---------+---------+-------+---------+---------+-------
        D:1 |      12 |       0 |   0.0 |       9 |       0 |   0.0
        D:2 |      55 |       0 |   0.0 |      19 |       0 |   0.0
        D:3 |     184 |      32 |  14.8 |      30 |       1 |   3.2
        D:4 |     211 |     171 |  44.8 |      11 |       3 |  21.4
        D:5 |     427 |      36 |   7.8 |      17 |       1 |   5.6
        D:6 |     703 |     110 |  13.5 |      21 |       1 |   4.5
        D:7 |     779 |      93 |  10.7 |      11 |       2 |  15.4
        D:8 |     958 |       0 |   0.0 |      27 |       0 |   0.0
        D:9 |    1178 |     725 |  38.1 |      16 |      36 |  69.2
       D:10 |    1114 |       0 |   0.0 |      14 |       0 |   0.0
       D:11 |    3864 |    1162 |  23.1 |      21 |      12 |  36.4
       D:12 |    8339 |       0 |   0.0 |      25 |       0 |   0.0
       D:13 |    9878 |    2663 |  21.2 |      43 |      11 |  20.4
     Lair:1 |    1310 |    2401 |  64.7 |       7 |       1 |  12.5
     Lair:2 |    1924 |     887 |  31.6 |       6 |       5 |  45.5
     Lair:3 |     411 |       0 |   0.0 |       1 |       0 |   0.0
   Gauntlet |       0 |     785 | 100.0 |       0 |       1 | 100.0
            +---------+---------+-------+---------+---------+-------
